 Dungeon Crawl Stone Soup version 0.19-a0-1254-gb9c29c0 (webtiles) character file.

7299 HenryFlower the Destroyer (level 10, -5/69 HPs)
             Began as a Mottled Draconian Conjurer on Aug 27, 2016.
             Was a Follower of Vehumet.
             Slain by a komodo dragon (13 damage)
             ... on level 1 of the Lair of Beasts on Aug 28, 2016.
             The game lasted 00:36:09 (13739 turns).

HenryFlower the Destroyer (DrCj)                   Turns: 13739, Time: 00:36:10

Health: -5/69      AC: 14    Str: 16    XL:     10   Next: 90%
Magic:  10/21      EV: 18    Int: 19    God:    Vehumet [*.....]
Gold:   317        SH:  0    Dex: 16    Spells: 3 memorised, 13 levels left

rFire  . . .     SeeInvis .     a - +0 long sword
rCold  . . .     Gourm    .     (armour unavailable)
rNeg   . . .     Faith    .     (no shield)
rPois  .         Spirit   .     (helmet restricted)
rElec  .         Dismiss  .     c - +0 cloak
rCorr  .         Reflect  .     l - +2 pair of gloves
MR     +....     Harm     .     O - +2 pair of boots {run}
Stlth  +++.......               H - amulet of magic regeneration
                                N - ring of protection from magic
                                h - +1 ring of evasion

@: mighty, agile, drained, quick
A: breathe sticky flame splash, unfitting armour, cold-blooded, AC +7
a: Breathe Sticky Flame, Renounce Religion


You were on level 1 of the Lair of Beasts.
You worshipped Vehumet.
Vehumet was aware of your devotion.
You were not hungry.

You visited 3 branches of the dungeon, and saw 11 of its levels.

You collected 317 gold pieces.

Inventory:

Hand Weapons
 a - a +0 long sword (weapon)
Missiles
 o - 3 javelins (quivered)
Armour
 c - a +0 cloak (worn)
 l - a +2 pair of gloves (worn)
 O - a +2 pair of boots of running (worn)
Magical Staves
 b - an uncursed staff of conjuration
Jewellery
 e - an uncursed ring of ice
 h - a +1 ring of evasion (left hand)
 w - an uncursed ring of see invisible
 G - an uncursed ring of ice
 H - an amulet of magic regeneration (around neck)
 N - a ring of protection from magic (right hand)
Wands
 k - a wand of flame (45/48)
 t - a wand of confusion (21/48)
 y - a wand of confusion (18/48)
 F - a wand of iceblast (3/15)
 K - a wand of lightning (5/15)
 Q - a wand of paralysis (17/24)
 R - a wand of iceblast (10/15)
Scrolls
 i - 6 scrolls of remove curse
 p - a scroll of fog {unknown}
 s - a scroll of recharging {unknown}
 x - a scroll of immolation {unknown}
 A - 2 scrolls of noise {unknown}
 E - 2 scrolls of identify
 I - a scroll of amnesia
 P - a scroll of vulnerability {unknown}
Potions
 f - a potion of heal wounds {unknown}
 g - a potion of haste {unknown}
 j - a potion of degeneration {unknown}
 n - 2 potions of cancellation
 q - a potion of invisibility {unknown}
 r - a potion of cure mutation
 z - a potion of brilliance {unknown}
 B - a potion of might
 C - a potion of resistance {unknown}
 D - a potion of lignification {unknown}
 M - a potion of ambrosia {unknown}
Books
 u - a book of Conjurations

   Spells                             Type                      Level
   a - Magic Dart                     Conjuration                  1
   b - Searing Ray                    Conjuration                  2
   c - Dazzling Spray                 Conjuration/Hexes            3
   d - Fulminant Prism                Conjuration/Hexes            4
   e - Iskenderun's Mystic Blast      Conjuration                  4
   f - Iskenderun's Battlesphere      Conjuration/Charms           5
Comestibles
 d - 10 royal jellies
 v - 3 beef jerkies
 J - 7 bread rations
 L - 5 fruits
 S - a chunk of flesh


   Skills:
 - Level 1.7(1.2) Dodging
 - Level 1.7(1.2) Stealth
 + Level 7.3(6.6) Spellcasting
 + Level 12.5(11.7) Conjurations
 - Level 8.0(7.3) Charms


You had 13 spell levels left.
You knew the following spells:

 Your Spells              Type           Power        Failure   Level  Hunger
a - Magic Dart            Conj           ####         1%          1    None
b - Iskenderun's Mystic   Conj           ######..     1%          4    ####...
c - Iskenderun's Battles  Conj/Chrm      #####...     8%          5    #####..


Dungeon Overview and Level Annotations

Branches:
Dungeon (9/15)             Temple (1/1) D:7            Lair (1/6) D:8
    Orc: D:9-12

Altars:
Cheibriados
Dithmenos
Elyvilon
Fedhas
Gozag
Hepliaklqana
Kikubaaqudgha
Makhleb
Nemelex Xobeh
Okawaru
Qazlal
Ru
Trog
Uskayaw
Vehumet
Xom
Yredelemnul
Zin
The Shining One


Innate Abilities, Weirdness & Mutations

You can spit globs of burning liquid.
You can ignite nearby creatures when you spit burning liquid.
Your weird mottled scales are hard. (AC +7)
Your body does not fit into most forms of armour.
You are cold-blooded and may be slowed by cold attacks.


Message History

Unknown command.
Press: ? - help, Shift-Dir - straight line, f/p - komodo dragon
Aim: a komodo dragon (heavily wounded)
You fail to use your ability.
The komodo dragon bites you!!
* * * LOW HITPOINT WARNING * * *
Unknown command.
You swap places.
The komodo dragon bites you!
* * * LOW HITPOINT WARNING * * *
The komodo dragon barely misses you.
The komodo dragon bites your battlesphere!
The komodo dragon bites your battlesphere!!
Your battlesphere is destroyed!
Okay, then.
You feel agile all of a sudden.
Unknown command.
Unknown command.
You feel very mighty all of a sudden.
a - a +0 long sword (weapon)
The komodo dragon bites you!
You die...

#....P### .#
..#........ ...
..##......>
#.###.##.......
...#.##.......
#...#........ ####
#...#........ #..#
#...#........ #.@#
#........... #.l##
##†.#........
#..l###...#........
#.....§..##.......#
###..##.##.......##
#.######.......#
#... ##...#....
#..# ..###.... ####
.## ..#


You could see 2 komodo dragons.

Vanquished Creatures
  Fannar (D:8)
  A death yak (D:8)
  An elephant (D:8)
  A komodo dragon (Lair:1)
  A troll (D:9)
  A two-headed ogre (D:8)
  Menkaure (D:6)
  Edmund (D:6)
  2 water moccasins
  4 orc warriors
  2 black bears (D:6)
  3 wasps (D:8)
  2 sky beasts
  3 ice beasts
  8 ogres
  2 crocodiles (D:8)
  A centaur (D:7)
  4 giant frogs
  A scorpion (D:5)
  A water moccasin skeleton (D:8)
  8 killer bees (D:7)
  5 howler monkeys
  5 wights (D:8)
  2 giant frog zombies
  2 centaur zombies
  A crimson imp (D:9)
  A hound (D:8)
  4 jellies
  3 giant frog skeletons
  An orc priest (D:4)
  5 worker ants
  7 iguanas
  4 orc wizards
  A killer bee zombie (D:5)
  2 hound zombies
  A hound skeleton (D:4)
  A worker ant zombie (D:5)
  A howler monkey skeleton (D:8)
  13 adders
  2 shadow imps
  3 oozes
  2 adder skeletons
  3 worms
  9 giant geckos
  36 orcs
  4 giant cockroaches
  12 goblins
  3 hobgoblins
  15 jackals
  9 kobolds
  3 quokkas
  2 ball pythons
  A ball python zombie (D:4)
  5 bats
  2 giant newts
  11 rats
230 creatures vanquished.

Vanquished Creatures (others)
  A fungus (Lair:1)
1 creature vanquished.

Grand Total: 231 creatures vanquished

Notes
Turn   | Place    | Note
-------+----------+-------------------------------------------
     0 | D:1      | HenryFlower the Draconian Conjurer began the quest for the Orb.
     0 | D:1      | Reached XP level 1. HP: 14/14 MP: 3/3
     2 | D:1      | Noticed a felid
     2 | D:1      | Noticed a human
     4 | D:1      | Noticed a vine stalker
     4 | D:1      | Noticed a tengu
     6 | D:1      | Noticed an ogre
     6 | D:1      | Noticed a spriggan
     8 | D:1      | Noticed a ghoul
     8 | D:1      | Noticed a troll
    10 | D:1      | Noticed a draconian
    12 | D:1      | Noticed a minotaur
    12 | D:1      | Noticed a naga
    14 | D:1      | Noticed a centaur
    14 | D:1      | Noticed an elf
    16 | D:1      | Noticed a gargoyle
    18 | D:1      | Noticed a demigod
    18 | D:1      | Noticed a demonspawn
    20 | D:1      | Noticed an octopode
    22 | D:1      | Noticed a formicid
    22 | D:1      | Noticed a halfling
    24 | D:1      | Noticed a merfolk
    24 | D:1      | Noticed a dwarf
    26 | D:1      | Noticed a vampire
   399 | D:1      | Reached XP level 2. HP: 20/20 MP: 1/5
  1031 | D:2      | Reached skill level 5 in Conjurations
  1031 | D:2      | Reached XP level 3. HP: 26/26 MP: 2/6
  1615 | D:2      | Found a stormy altar of Qazlal.
  1743 | D:2      | Reached XP level 4. HP: 28/33 MP: 2/7
  1996 | D:2      | Reached skill level 6 in Conjurations
  2092 | D:2      | Found a glowing golden altar of the Shining One.
  2482 | D:3      | Found a burning altar of Makhleb.
  2483 | D:3      | Noticed a balrug
  2497 | D:3      | Found a glowing silver altar of Zin.
  2497 | D:3      | Noticed an angel
  2840 | D:3      | Learned a level 4 spell: Iskenderun's Mystic Blast
  2989 | D:3      | Reached XP level 5. HP: 34/38 MP: 8/8
  4506 | D:4      | Reached skill level 7 in Conjurations
  4506 | D:4      | Reached XP level 6. HP: 39/45 MP: 6/10
  4660 | D:4      | Learned a level 5 spell: Iskenderun's Battlesphere
  5325 | D:4      | Reached skill level 1 in Charms
  5576 | D:4      | Your scales start taking on a weird mottled colour.
  5576 | D:4      | Reached XP level 7. HP: 50/50 MP: 4/11
  5913 | D:5      | Entered Level 5 of the Dungeon
  6367 | D:5      | Reached skill level 8 in Conjurations
  7223 | D:5      | Reached XP level 8. HP: 57/57 MP: 6/12
  7360 | D:6      | Noticed Menkaure
  7384 | D:6      | Killed Menkaure
  7384 | D:6      | Reached skill level 9 in Conjurations
  7541 | D:6      | Found a basalt altar of Yredelemnul.
  7561 | D:6      | Got a twitching ruby amulet
  7611 | D:6      | Reached skill level 5 in Charms
  7792 | D:6      | Found an ancient bone altar of Kikubaaqudgha.
  7903 | D:6      | Found a sparkling altar of Nemelex Xobeh.
  7953 | D:6      | Noticed Edmund
  8054 | D:6      | Killed Edmund
  8202 | D:6      | Found a sacrificial altar of Ru.
  8499 | D:7      | Reached XP level 9. HP: 38/62 MP: 3/13
  8502 | D:7      | Reached skill level 10 in Conjurations
  9280 | D:7      | Found a basalt altar of Yredelemnul.
  9754 | D:7      | Found a staircase to the Ecumenical Temple.
  9758 | Temple   | Entered the Ecumenical Temple
  9794 | Temple   | Became a worshipper of Vehumet
  9810 | D:7      | Found an opulent altar of Gozag.
  9810 | D:7      | Found a hide-covered altar of Uskayaw.
 10287 | D:8      | Found a snail-covered altar of Cheibriados.
 10799 | D:9      | Noticed a troll
 10805 | D:9      | Killed a troll
 11013 | D:9      | Found a shadowy altar of Dithmenos.
 11023 | D:9      | Reached skill level 11 in Conjurations
 11029 | D:9      | Identified a +0 pair of boots of running (You found it on level 9 of the Dungeon)
 11371 | D:8      | Noticed an elephant
 11372 | D:8      | Noticed a death yak
 11443 | D:8      | Identified the amulet "Bynor" {Harm *Drain rPois Int+7 Dex-5} (You found it on level 6 of the Dungeon)
 11448 | D:8      | Killed an elephant
 11448 | D:8      | Reached XP level 10. HP: 50/69 MP: 1/16
 11668 | D:8      | Killed a death yak
 11668 | D:8      | Reached skill level 5 in Spellcasting
 12022 | D:8      | Found a shimmering altar of Xom.
 12023 | D:8      | Found a shimmering altar of Xom.
 12023 | D:8      | Found a shimmering altar of Xom.
 12023 | D:8      | Found a shimmering altar of Xom.
 12024 | D:8      | Found a shimmering altar of Xom.
 12024 | D:8      | Found a shimmering altar of Xom.
 12043 | D:8      | Reached * piety under Vehumet
 12043 | D:8      | Offered knowledge of Sandblast by Vehumet.
 12269 | D:8      | Found a staircase to the Lair.
 12280 | Lair:1   | Entered Level 1 of the Lair of Beasts
 12280 | Lair:1   | Noticed Fannar
 12615 | D:8      | Killed Fannar
 12615 | D:8      | Reached skill level 12 in Conjurations
 12696 | D:8      | Noticed a hornet
 12728 | D:8      | Found a shimmering altar of Xom.
 12765 | D:8      | Noticed an elephant
 13313 | D:8      | Noticed a guardian serpent
 13329 | D:8      | Noticed a ghost crab
 13334 | D:8      | a ghost crab changed into a komodo dragon
 13386 | D:8      | Noticed an octopode
 13739 | Lair:1   | Slain by a komodo dragon

Vault maps used:
D:1:      kb_arrival_jail, minmay_split_cup_large
D:2:      lemuel_doored_altar, fountainhead, grunt_ministairs_5,
          nicolae_tso_carved_into_rock
D:3:      grunt_temple_overflow_order_and_chaos_2
D:5:      first_bread
D:6:      kennysheep_mini_moat, hangedman_ru_absence, lemuel_crystal_altar,
          marbit_many_paths, minmay_misc_feat_alley, uniq_menkaure, uniq_edmund
D:7:      gammafunk_temple_overflow_wave, basic_altar,
          kennysheep_generic_room_13
D:8:      nicolae_overflow_hidden_temple, lemuel_round_altar,
          david_lair_generic, hangedman_pestilent_swarm, xom_shifter_show
D:9:      nicolae_dithmenos_the_darkroom
Temple:   compressed_dpeg_triangle_lava_temple
Lair:1:   beast_lair_carwin_large_3, uniq_fannar, uniq_erica

Skill      XL: |  1  2  3  4  5  6  7  8  9 10 |
---------------+-------------------------------+-----
Conjurations   | 5 6 7 8 9 11 12 | 12.5
Spellcasting   | 3 4 7 |  7.3
Charms         | 2 4 6 8 |  8.0
Dodging        | |  1.7
Stealth        | |  1.7

Action                   |  1- 3 |  4- 6 |  7- 9 | 10-12 || total
-------------------------+-------+-------+-------+-------++-------
Melee: Unarmed           |    23 |     5 |       |       ||    28
       Tailslap          |     5 |     3 |    25 |     9 ||    42
       Long sword        |       |   105 |   251 |    91 ||   447
       Staff             |       |       |     9 |       ||     9
 Cast: Magic Dart        |    71 |   109 |   187 |   116 ||   483
       Iskenderun's Myst |       |     1 |    14 |     5 ||    20
       Iskenderun's Batt |       |       |     5 |    16 ||    21
 Abil: Breathe Sticky Fl |       |       |    10 |     4 ||    14
Evoke: Wand              |       |       |     3 |     2 ||     5
  Use: Scroll            |     1 |     3 |     9 |     1 ||    14
       Potion            |       |     1 |     3 |     5 ||     9
 Stab: Sleeping          |       |       |     3 |       ||     3
       Confused          |       |       |     1 |       ||     1
  Eat: Chunk             |     4 |    10 |    15 |    13 ||    42
       Beef jerky        |       |     2 |       |       ||     2
       Pizza             |       |       |     1 |       ||     1
       Meat ration       |       |       |     1 |       ||     1
       Fruit             |       |       |     4 |       ||     4
Armor: Skin              |    11 |    53 |   101 |    41 ||   206
Dodge: Dodged            |    25 |    86 |   180 |    92 ||   383
